 Dungeon Sprint DCSS version 0.22-a0-858-g985ef60 (webtiles) character file.

87 Kidiri the Sneak (level 4, 0/34 HPs)
             Began as a Spriggan Enchanter on July 27, 2018.
             Slain by a necrophage (4 damage)
             ... in the Dungeon (Sprint II: "The Violet Keep of Menkaure").
             The game lasted 00:00:53 (27 turns).

Kidiri the Sneak (Spriggan Enchanter)                 Turns: 27, Time: 00:00:53

Health: 0/34       AC:  2    Str:  9    XL:     4   Next: 28%
Magic:  4/12       EV: 21    Int: 16    God:
Gold:   0          SH:  0    Dex: 17    Spells: 12/13 levels left

rFire    . . .     SeeInvis +   a - +1 dagger
rCold    . . .     Gourm    .   (shield restricted)
rNeg     . . .     Faith    .   b - +0 robe
rPois    .         Spirit   .   (helmet restricted)
rElec    .         Reflect  .   (no cloak)
rCorr    .         Harm     .   (gloves unavailable)
MR       .....     NoTele   +   (boots unavailable)
Stlth    ..........             (no amulet)
HPRegen  0.11/turn              (no ring)
MPRegen  0.13/turn              (no ring)

@: berserking (expiring), very quick
A: very small, unfitting armour, see invisible, herbivore, speed 3, slow
metabolism 2
a: no special abilities


You were in the Dungeon.
You were not hungry.

You visited 1 branch

Inventory:

Hand Weapons
 a - a +1 dagger (weapon)
Armour
 b - a +0 robe (worn)
Scrolls
 j - a scroll of blinking
Potions
 e - a potion of curing
 f - a potion of heal wounds
 g - a potion of haste
 h - 2 potions of magic
Comestibles
 d - a ration


   Skills:
 + Level 1.8 Fighting
 * Level 3.9 Short Blades
 + Level 1.6 Armour
 * Level 5.9 Dodging
 * Level 7.1 Stealth
 * Level 5.0 Spellcasting
 + Level 4.7 Hexes


You had 12 spell levels left.
You knew the following spells:

 Your Spells              Type           Power        Failure   Level  Hunger
a - Corona                Hex            ###....      2%          1    None

Your spell library contained the following spells:

 Spells                   Type           Power        Failure   Level  Hunger
 Confuse                  Hex            ###.....     6%          3    ###....
 Tukima's Dance           Hex            ###.....     6%          3    ###....
 Ensorcelled Hibernation  Hex/Ice        ##....       9%          2    #......
 Dazzling Spray           Conj/Hex       ##....       17%         3    ###....


Dungeon Overview and Level Annotations

Branches:
Dungeon (1/1)

Altars:


Innate Abilities, Weirdness & Mutations

You are very small and have problems with some larger weapons.
You are too small for most types of armour.
You have supernaturally acute eyesight. (SInv)
You are a herbivore.
You cover ground extremely quickly.
You need to consume almost no food.


Message History

Your base attributes are Str 4, Int 16, Dex 16.
Increase (S)trength, (I)ntelligence, or (D)exterity?
You feel agile.
You have reached level 4!
You hit the necrophage.
The necrophage is lightly damaged.
You puncture the necrophage!
The necrophage is heavily damaged.
The necrophage misses you.
You barely miss the necrophage.
The necrophage is heavily damaged.
You barely miss the necrophage.
The necrophage is heavily damaged.
The necrophage barely misses you.
You hit the necrophage.
The necrophage is severely damaged.
You barely miss the necrophage.
The necrophage is severely damaged.
The necrophage hits you.
You die...

## ##
##. .##
.w w. #
.#$ #a
#+#
#a.##.##
#+.<.+
#a.##@##
#a #n# #


n#n .. .. ##. .## ## ## You could see 3 necrophages.

Vanquished Creatures
  A necrophage (D)
1 creature vanquished.

Vanquished Creatures (others)
  A crocodile (D)
1 creature vanquished.

Grand Total: 2 creatures vanquished

Notes
Turn   | Place    | Note
-------+----------+-------------------------------------------
     0 | D        | Kidiri the Spriggan Enchanter began the quest for the Orb.
     0 | D        | Reached XP level 1. HP: 9/9 MP: 5/5
     1 | D        | Noticed a tyrant leech
     1 | D        | Noticed a tyrant leech
     4 | D        | Noticed a worker ant
     4 | D        | Noticed a worker ant
     4 | D        | Noticed a worker ant
     4 | D        | Noticed a worker ant
     7 | D        | Noticed a necrophage
     7 | D        | Noticed a necrophage
     7 | D        | Noticed a necrophage
     7 | D        | Noticed a necrophage
    17 | D        | Killed a crocodile
    21 | D        | Killed a necrophage
    21 | D        | Reached skill level 1 in Fighting
    21 | D        | Reached skill level 1 in Armour
    21 | D        | Reached skill level 5 in Dodging
    21 | D        | Reached skill level 7 in Stealth
    21 | D        | Reached skill level 5 in Spellcasting
    21 | D        | Reached XP level 2. HP: 2/15 MP: 3/9
    21 | D        | Reached XP level 3. HP: 3/18 MP: 3/10
    21 | D        | Reached XP level 4. HP: 4/23 MP: 3/12
    27 | D        | Slain by a necrophage

Vault maps used:
D:        the_violet_keep_of_menkaure

Skill      XL: |  1 |
---------------+----+-----
Fighting       | 1 |  1.8
Short Blades   | 3 |  3.9
Armour         | 1 |  1.6
Dodging        | 5 |  5.9
Stealth        | 7 |  7.1
Spellcasting   | 5 |  5.0
Hexes          | 4 |  4.7

Action                   |  1- 3 |  4- 6 || total
-------------------------+-------+-------++-------
Melee: Dagger            |     8 |     6 ||    14
 Cast: Corona            |     2 |       ||     2
  Use: Potion            |     1 |       ||     1
Dodge: Dodged            |     3 |     2 ||     5

Table legend:
 A = Spawn XP
 B = Non-spawn XP
 C = Spawn XP percentage of total XP
 D = Spawn monster count
 E = Non-spawn monster count
 F = Spawn count percentage of total count
 G = Total turns spent on level
                    A         B        C        D         E        F      G
               +---------+---------+-------+---------+---------+-------+---------
         Total |       0 |     125 |   0.0 |       0 |       1 |   0.0 |    27
               +---------+---------+-------+---------+---------+-------+---------
             D |       0 |     125 |   0.0 |       0 |       1 |   0.0 |    27
               +---------+---------+-------+---------+---------+-------+---------
